 Dungeon Crawl Stone Soup version 0.26-a0-542-gbaa144ba5c (webtiles) character file.

Game seed: 4961165425552467949

4031 Eifo4Ohj9gu9Dob0ohLe the Spear-Bearer (level 10, -1/126 HPs)
             Began as a Green Draconian Berserker on Aug 18, 2020.
             Was a High Priest of Trog.
             Slain by an orc warrior
             ... wielding a +1 halberd of freezing
              (8 damage)
             ... on level 9 of the Dungeon.
             The game lasted 00:44:57 (7956 turns).

Eifo4Ohj9gu9Dob0ohLe the Spear-Bearer (DrBe)        Turns: 7956, Time: 00:44:58

Health: -1/126     AC: 25    Str: 21    XL:     10   Next: 4%
Magic:  10/10      EV:  2    Int:  7    God:    Trog [*****.]
Gold:   241        SH:  0    Dex: 13    Spells: 9/9 levels left

rFire    . . .     SeeInvis .   c - +0 trident (freeze)
rCold    . . .     Faith    .   B - +0 tower shield
rNeg     + + +     Spirit   .   (armour unavailable)
rPois    +         Reflect  .   (helmet currently unavailable)
rElec    .         Harm     .   (cloak currently unavailable)
rCorr    .         NoTele   +   (gloves currently unavailable)
MR       ++...                  (boots currently unavailable)
Stlth    +.........             (no amulet)
HPRegen  1.31/turn              (no ring)
MPRegen  0.12/turn              (no ring)

@: confused, tree-form, berserk cooldown, stab, regenerating (expiring), lightly
drained
A: (breathe noxious fumes), unfitting armour, AC +7
a: Berserk, Trog's Hand, Brothers in Arms, Renounce Religion


You were on level 9 of the Dungeon.
You worshipped Trog.
Trog was extremely pleased with you.
You were a tree.
You visited 1 branch of the dungeon, and saw 9 of its levels.

You collected 406 gold pieces.
You spent 165 gold pieces at shops.

Inventory:

Hand Weapons
 a - a +2 spear of freezing
 c - a +0 trident of freezing (weapon)
Missiles
 u - 3 curare-tipped darts (quivered)
 D - 11 poisoned darts
Armour
 f - a +2 pair of gloves (melded)
 B - a +0 tower shield (worn)
Jewellery
 b - an uncursed ring of magical power {unknown}
 e - an uncursed ring of protection from fire
 i - an uncursed ring of protection from fire
 j - an uncursed ring of positive energy {unknown}
Wands
 q - a wand of iceblast (11)
 r - a wand of acid (6)
 w - a wand of digging (4)
 y - a wand of random effects (36)
 A - a wand of polymorph (9)
Scrolls
 g - a scroll of acquirement {unknown}
 l - 7 scrolls of identify
 n - a scroll of blinking {unknown}
 s - a scroll of enchant armour
 t - a scroll of fog {unknown}
 x - 2 scrolls of remove curse
 z - a scroll of random uselessness {unknown}
Potions
 d - a potion of curing
 h - a potion of cancellation
 m - 2 potions of lignification
 p - a potion of might
 v - 2 potions of brilliance


   Skills:
 + Level 6.6(6.5) Fighting
   Level 4.6(8.5) Axes
 * Level 11.1(11.4) Polearms
 + Level 5.7(5.6) Dodging
 + Level 3.0(2.9) Stealth
 + Level 0.1(0.0) Shields


You had 9 spell levels left.
You didn't know any spells.
Your spell library was empty.

Dungeon Overview and Level Annotations

Branches:
Dungeon (9/15)             Temple (0/1) D:5
   Lair: D:8-11         Orc: D:9-12

Altars:
Ashenzari
Okawaru
Qazlal
Ru
Uskayaw

Shops:
D:5 [


Innate Abilities, Weirdness & Mutations

((You can breathe blasts of noxious fumes.))
((Your lurid green scales are hard. (AC +7)))
You cannot fit into any form of body armour.
((Your system is resistant to poisons. (rPois)))
((You are cold-blooded and may be slowed by cold attacks.))
((Your flesh is cold resistant. (rC+)))
((You are occasionally teleported next to monsters.))


Message History

The orc warrior hits you from afar with a +1 halberd of freezing!
* * * LOW HITPOINT WARNING * * *
The orc warrior freezes you.
* * * LOW HITPOINT WARNING * * *
You cannot move. (Use ctrl+direction or * direction to attack without moving.)
You cannot move. (Use ctrl+direction or * direction to attack without moving.)
You cannot move. (Use ctrl+direction or * direction to attack without moving.)
You cannot move. (Use ctrl+direction or * direction to attack without moving.)
You cannot move. (Use ctrl+direction or * direction to attack without moving.)
You cannot move. (Use ctrl+direction or * direction to attack without moving.)
You cannot move. (Use ctrl+direction or * direction to attack without moving.)
You cannot move. (Use ctrl+direction or * direction to attack without moving.)
You cannot move. (Use ctrl+direction or * direction to attack without moving.)
You cannot move. (Use ctrl+direction or * direction to attack without moving.)
You cannot move. (Use ctrl+direction or * direction to attack without moving.)
You cannot move. (Use ctrl+direction or * direction to attack without moving.)
You cannot move. (Use ctrl+direction or * direction to attack without moving.)
The wight hits you but does no damage.
The orc warrior hits you from afar with a +1 halberd of freezing!
You die...

....>(# ##.# ###...##
#.# ##.....## #.#
#.......# #.#
.........# #.#
............ #.#
.........### #.#
##########
##########.# ##
#zooz♣.....#
.#.oz#####o##########
..oozoo)o..#
...o.zo##### ......#
.#...# ##.# ##


You could see an orc warrior, 2 wights, an orc priest and an orc.

Vanquished Creatures
  Grinder (D:5)
  A hippogriff (D:8)
  Sigmund (D:6)
  Menkaure (D:4)
  Duvessa (D:7)
  3 orc warriors
  An ice beast (D:5)
  A black bear (D:8)
  A necrophage (D:8)
  3 phantoms
  3 ogres
  A big kobold (D:7)
  4 bullfrogs
  Dowan (D:7)
  A scorpion (D:2)
  4 killer bees (D:8)
  8 wights
  3 howler monkeys (D:8)
  2 centaur zombies
  A hound (D:4)
  3 orc priests
  3 jellies
  3 orc wizards
  3 centaur skeletons
  An iguana (D:4)
  8 worker ants
  3 hound skeletons
  2 worker ant zombies
  9 adders
  2 shadow imps (D:5)
  3 white imps
  An ufetubus (D:8)
  An adder skeleton (D:4)
  2 dart slugs (D:1)
  7 leopard geckos
  41 orcs
  6 giant cockroaches
  12 goblins
  8 hobgoblins
  12 jackals
  5 quokkas
  A ball python (D:3)
  A ball python zombie (D:4)
  11 bats
  2 frilled lizards
  A jackal zombie (D:5)
  16 kobolds
  A quokka zombie (D:8)
  13 rats
223 creatures vanquished.

Vanquished Creatures (collateral kills)
  Pikel (D:7)
  3 lemures (D:7)
  An ufetubus (D:7)
5 creatures vanquished.

Vanquished Creatures (others)
  A killer bee (D:8)
  A gnoll (D:1)
2 creatures vanquished.

Grand Total: 230 creatures vanquished

Notes
Turn   | Place    | Note
-------+----------+-------------------------------------------
     0 | D:1      | Eifo4Ohj9gu9Dob0ohLe the Draconian Berserker began the
                  | quest for the Orb.
     0 | D:1      | Reached XP level 1. HP: 19/19 MP: 1/1
   150 | D:1      | Reached XP level 2. HP: 15/26 MP: 2/2
   569 | D:1      | Reached ** piety under Trog
   627 | D:1      | Reached XP level 3. HP: 31/33 MP: 3/3
  1031 | D:2      | Noticed a scorpion
  1040 | D:2      | Killed a scorpion
  1040 | D:2      | Reached XP level 4. HP: 40/40 MP: 4/4
  1797 | D:2      | Found a shattered altar of Ashenzari.
  1797 | D:2      | Found a sacrificial altar of Ru.
  2510 | D:3      | Reached XP level 5. HP: 28/46 MP: 5/5
  2702 | D:3      | Reached *** piety under Trog
  2740 | D:3      | Reached skill level 1 in Polearms
  3050 | D:4      | Noticed an ogre
  3062 | D:4      | Killed an ogre
  3062 | D:4      | Reached skill level 2 in Polearms
  3062 | D:4      | Reached XP level 6. HP: 53/53 MP: 6/6
  3231 | D:4      | Reached skill level 3 in Polearms
  3231 | D:4      | Reached skill level 1 in Stealth
  3720 | D:4      | Found a stormy altar of Qazlal.
  3720 | D:4      | Found a hide-covered altar of Uskayaw.
  3727 | D:4      | Found a faded altar of an unknown god.
  3729 | D:4      | Found an iron altar of Okawaru.
  3731 | D:4      | Found a faded altar of an unknown god.
  3736 | D:4      | Reached skill level 4 in Polearms
  3803 | D:4      | Noticed Menkaure
  3813 | D:4      | Killed Menkaure
  3813 | D:4      | Your scales start taking on a lurid green colour.
  3813 | D:4      | Reached XP level 7. HP: 60/60 MP: 7/7
  3813 | D:4      | Gained mutation: Your system is resistant to poisons.
                  | (rPois) [Green Draconian growth]
  3922 | D:4      | Reached **** piety under Trog
  3938 | D:4      | Reached skill level 5 in Polearms
  4018 | D:5      | Entered Level 5 of the Dungeon
  4262 | D:5      | Found a staircase to the Ecumenical Temple.
  4305 | D:5      | Noticed Grinder
  4312 | D:5      | Paralysed by Grinder for 7 turns
  4322 | D:5      | Paralysed by Grinder for 7 turns
  4333 | D:5      | Killed Grinder
  4333 | D:5      | Reached skill level 6 in Polearms
  4601 | D:5      | Found Qimefyin's Antique Armour Shoppe.
  4686 | D:5      | Bought a pair of embroidered gloves for 165 gold pieces
  4720 | D:5      | Reached XP level 8. HP: 67/67 MP: 8/8
  4730 | D:5      | Reached skill level 7 in Polearms
  4879 | D:5      | Reached skill level 5 in Fighting
  5257 | D:6      | Noticed Sigmund
  5267 | D:6      | Killed Sigmund
  5267 | D:6      | Reached skill level 8 in Polearms
  5865 | D:7      | Reached ***** piety under Trog
  5869 | D:7      | Reached skill level 9 in Polearms
  5970 | D:7      | Reached XP level 9. HP: 74/75 MP: 9/9
  6024 | D:7      | Noticed Dowan
  6027 | D:7      | Noticed Duvessa
  6032 | D:7      | Killed Dowan
  6041 | D:7      | Killed Duvessa
  6208 | D:7      | Noticed Pikel
  6217 | D:7      | Killed Pikel
  6217 | D:7      | Reached skill level 5 in Dodging
  6704 | D:8      | Reached skill level 10 in Polearms
  7191 | D:8      | Reached skill level 11 in Polearms
  7911 | D:9      | Reached XP level 10. HP: 57/84 MP: 10/10
  7953 | D:9      | Gained mutation: You are occasionally teleported next to
                  | monsters. [potion of mutation]
  7953 | D:9      | Gained mutation: Your flesh is cold resistant. (rC+)
                  | [potion of mutation]
  7953 | D:9      | HP: 1/126 [orc priest/divine providence (13)]
  7956 | D:9      | Slain by an orc warrior

Illustrated notes

Levels and vault maps discovered:
D:1:      shiori_arrival_oz, layout_basic
D:2:      layout_basic, amethyst_overflow_temple_binary, minmay_pentomino_s2
D:3:      layout_basic, corexii_shack, serial_bayou_pond_b
D:4:      layout_layer_cave, chequers_temple_overflow_minitemple, serial_glass,
          glass_columns_a, glass_columns_a, uniq_menkaure
D:5:      layout_rooms, minmay_temple_entry_poolview, serial_shops, shop,
          corexii_item_surrounded_by_moat, uniq_grinder
D:6:      layout_basic, minmay_stone_trees_medium, due_unseen_surprise,
          uniq_sigmund
D:7:      layout_basic, uniq_pikel, uniq_duvessa
D:8:      layout_loops_ring, grunt_temple_overflow_order_and_chaos_2,
          chequers_serial_rivers_micro_c
D:9:      layout_loops_ring, grunt_dithmenos_shadows, david_orc_4

Skill      XL: |  1  2  3  4  5  6  7  8  9 10 |
---------------+-------------------------------+-----
Dodging        | 3 4 5 |  5.7
Fighting       | 4 5 6 |  6.6
Axes           | 4 |  4.6
Polearms       | 2 4 6 9 11 | 11.1
Stealth        | 1 2 3 |  3.0
Shields        | |  0.1

Action                   |  1- 3 |  4- 6 |  7- 9 | 10-12 || total
-------------------------+-------+-------+-------+-------++-------
Melee: Hand axe          |   120 |    72 |       |       ||   192
       Tailslap          |    11 |    19 |    54 |     3 ||    87
       Trident           |       |   110 |   370 |    29 ||   509
Invok: Berserk           |     1 |     7 |    10 |       ||    18
       Brothers in Arms  |       |       |     1 |       ||     1
       Trog's Hand       |       |       |       |     1 ||     1
 Abil: Breathe Noxious F |       |       |     8 |       ||     8
  Use: Potion            |     2 |     1 |     4 |     5 ||    12
       Scroll            |       |     5 |     5 |       ||    10
 Stab: Sleeping          |       |     1 |     1 |       ||     2
       Confused          |       |       |     4 |       ||     4
Armor: Skin              |    39 |    49 |    97 |    17 ||   202
Dodge: Dodged            |    99 |   144 |   241 |     2 ||   486
Block: Tower shield      |       |       |     9 |    25 ||    34

Table legend: (Time is in decaauts)
 A = Elapsed time spent in this place.
 B = Non-inter-level travel time spent in this place.
 C = Inter-level travel time spent in this place.
 D = Time resting spent in this place.
 E = Time spent auto-exploring this place.
 F = Levels seen in this place.
 G = Mean time per level.
                   A        B        C        D        E       F      G
               +--------+--------+--------+--------+--------+-----+--------+
         Total |   8106 |   8104 |      2 |   2857 |   1227 |   9 |  900.7 |
       Dungeon |   8106 |   8104 |      2 |   2857 |   1227 |   9 |  900.7 |
               +--------+--------+--------+--------+--------+-----+--------+

Top non-repeatable levels by time:
     D:2: 1367 daAuts
     D:8: 1127 daAuts
     D:4: 1093 daAuts
     D:1: 1046 daAuts
     D:5: 1044 daAuts
     D:6: 796 daAuts
     D:7: 621 daAuts
     D:3: 618 daAuts
     D:9: 390 daAuts
